AoeStats
← bassotto

Arena

510126778Analyzed
1v1 RM · 3d ago on Sep 29, 2026· 38m 27s· 2 players
Game mode
Random Map
Map size
Tiny (2 player)
Population
200
Speed
Normal
Resources
Standard
Victory
Conquest
Starting age
Dark Age
Ending age
Imperial Age
RankedLock teamsTeams togetherTeam positionsShared explorationLock speedFull tech treeHidden civsTurbo modeCheats
Victory
Defeat
🇦🇺 Armenians · Australia
1204
+15
🇧🇷 Bengalis · Brazil
1182
-15
bassotto
10:52 Feudal Age
15:00 Castle Age
12:54 Double-Bit Axe
14:48 Horse Collar
16:25 Loom
17:11 Fervor
18:24 Atonement
18:31 Atonement
18:55 Gold Mining
20:22 Sanctity
22:28 Redemption
25:00 Wheelbarrow
33:07 Imperial Age
38:02 Hand Cart
Ken Oath
9:33 Feudal Age
13:26 Castle Age
12:28 Double-Bit Axe
12:26 Horse Collar
18:48 Loom
22:05 Sanctity
23:21 Sanctity
24:35 Atonement
25:20 Devotion
25:57 Fletching
26:39 Bodkin Arrow
29:43 Wheelbarrow
29:57 Light Cavalry
30:57 Heated Shot
31:28 Ballistics
35:18 Imperial Age
33:07 Murder Holes
36:34 Masonry
Connection lost

Rejoining the realm…

Still unreachable

The connection could not be restored.

Session expired

The server has moved on; the page needs a fresh start.